 Dungeon Crawl Stone Soup version 0.27-b1-42-g19c61b19a5 (webtiles) character file.

Game seed: 1755312836178467703

63 Snaphu the Skirmisher (level 4, -2/49 HPs)
             Began as an Ogre Fighter on July 29, 2021.
             Slain by Grinder (6 damage)
             ... on level 3 of the Dungeon.
             The game lasted 00:05:18 (1279 turns).

Snaphu the Skirmisher (Ogre Fighter)                Turns: 1279, Time: 00:05:19

Health: -2/49      AC:  3    Str: 21    XL:     4   Next: 9%
Magic:  4/4        EV:  8    Int:  9    God:
Gold:   71         SH:  8    Dex:  8    Spells: 3/3 levels left

rFire    . . .     SeeInvis .   a - +0 war axe
rCold    . . .     Faith    .   c - +0 kite shield
rNeg     . . .     Spirit   .   b - +0 robe
rPois    .         Reflect  .   (helmet restricted)
rElec    .         Harm     .   (no cloak)
rCorr    .         Rampage  .   (gloves unavailable)
Will     .....                  (boots unavailable)
Stlth    +.........             (no amulet)
HPRegen  0.16/turn              (no ring)
MPRegen  0.09/turn              (no ring)

@: hasted, very quick
A: large, unfitting armour, tough skin 1
a: no special abilities


You were on level 3 of the Dungeon.
You visited 1 branch of the dungeon, and saw 3 of its levels.

You collected 71 gold pieces.

Inventory:

Hand Weapons
 a - a +0 war axe (weapon)
Armour
 b - a +0 robe (worn)
 c - a +0 kite shield (worn)
 h - a +0 leather armour
Scrolls
 e - a scroll of fear {unknown}
 f - a scroll of amnesia {unknown}
 g - a scroll of teleportation {unknown}
 l - a scroll of noise {unknown}
Potions
 d - a potion of might
 k - a potion of lignification


   Skills:
 + Level 4.7 Fighting
 * Level 3.4 Axes
 - Level 2.8 Dodging
 + Level 0.1 Stealth
 - Level 2.8 Shields


You had 3 spell levels left.
You didn't know any spells.
Your spell library was empty.

Dungeon Overview and Level Annotations

Branches:
Dungeon (3/15)

Altars:

Annotations:
D:2 Terence
D:3 Grinder


Innate Abilities, Weirdness & Mutations

You are too large for most types of armour.
You have tough skin. (AC +1)


Message History

You shrug off the repeated paralysis!
You can move again.
Unknown command.
Unknown command.
Unknown command.
Unknown command.
Unknown command.
You are too injured to fight recklessly!
You are too injured to fight recklessly!
You are too injured to fight recklessly!
You are too injured to fight recklessly!
You are too injured to fight recklessly!
You are too injured to fight recklessly!
Your transformation is almost over.
Grinder hits you but does no damage. Grinder hits you but does no damage.
Grinder hits you but does no damage. Grinder hits you.
* * * LOW HITPOINT WARNING * * *
You block Grinder's attack. You block Grinder's attack.
Grinder hits you but does no damage. Grinder hits you!
* * * LOW HITPOINT WARNING * * *
You feel less wooden.
Your +0 robe unmelds from your body.
Grinder blinks!
Grinder gestures at you.
You suddenly lose the ability to move!
Grinder says, "What is the universe for?"
Grinder gestures at you. Pain shoots through your body!
* * * LOW HITPOINT WARNING * * *
You can move again.
Found a stone staircase leading up.
Grinder gestures at you.
You suddenly lose the ability to move!
Grinder blinks!
You can move again.
You feel yourself speed up. Grinder hits you.
You die...

#### ...######
##......######
...####......#########..
...# ######...#........
...# ###.5@.......
#.##### ###.<......
....... ###...###
....### ...# ....# ###
....# ..>.#. ......
.....##


You could see Grinder.

Vanquished Creatures
  Jessica (D:3)
  An adder (D:3)
  An endoplasm (D:3)
  3 goblins (D:2)
  2 hobgoblins (D:2)
  8 jackals
  2 kobolds
  A ball python (D:2)
  2 bats (D:2)
  A frilled lizard (D:2)
22 creatures vanquished.

Vanquished Creatures (collateral kills)
  2 jackals (D:1)
2 creatures vanquished.

Grand Total: 24 creatures vanquished

Notes
Turn   | Place    | Note
-------+----------+-------------------------------------------
     0 | D:1      | Snaphu the Ogre Fighter began the quest for the Orb.
     0 | D:1      | Reached XP level 1. HP: 24/24 MP: 1/1
   258 | D:2      | Reached XP level 2. HP: 29/32 MP: 2/2
   669 | D:2      | Reached XP level 3. HP: 39/40 MP: 3/3
   716 | D:2      | Noticed Terence
   976 | D:3      | Noticed Jessica
   983 | D:3      | Killed Jessica
   994 | D:3      | Reached XP level 4. HP: 27/49 MP: 4/4
  1192 | D:3      | Noticed Grinder
  1216 | D:3      | Paralysed by Grinder for 3 turns
  1242 | D:3      | Paralysed by Grinder for 7 turns
  1259 | D:3      | Paralysed by Grinder for 7 turns
  1264 | D:3      | HP: 2/49 [Grinder/nerve-wracking pain (4)]
  1269 | D:3      | Paralysed by Grinder for 6 turns
  1279 | D:3      | Slain by Grinder

Illustrated notes

Levels and vault maps discovered:
D:1:      dpeg_arrival_windows_large_door, layout_basic, minmay_tripent
D:2:      layout_basic, uniq_terence
D:3:      layout_rooms, serial_shops, shop, uniq_natasha, uniq_ijyb,
          uniq_jessica, uniq_grinder

Skill      XL: |  1  2  3 |
---------------+----------+-----
Axes           | 3 |  3.4
Fighting       | |  4.7
Dodging        | |  2.8
Stealth        | |  0.1
Shields        | |  2.8

Action                   |  1- 3 |  4- 6 || total
-------------------------+-------+-------++-------
Melee: War axe           |    72 |    11 ||    83
  Use: Scroll            |     2 |       ||     2
       Potion            |     2 |     3 ||     5
Armor: Robe              |    26 |     5 ||    31
       Skin              |       |     6 ||     6
Dodge: Dodged            |    40 |     2 ||    42
Block: Kite shield       |    33 |     3 ||    36
